 Dungeon Sprint DCSS version 0.19-a0-97-g21dea92 (webtiles) character file.

7 Kidiri the Ruffian (level 2, 0/26 HPs)
             Began as a Naga Transmuter on May 16, 2016.
             Was an Initiate of Cheibriados.
             Slain by a black bear (4 damage)
             ... in the Dungeon (Sprint V: "Ziggurat Sprint").
             The game lasted 00:01:27 (97 turns).

Kidiri the Ruffian (Naga Transmuter)                  Turns: 97, Time: 00:01:28

Health: 0/26       AC:  1    Str: 13    XL:     2   Next: 0%
Magic:  5/6        EV: 11    Int: 20    God:    Cheibriados [......]
Gold:   0          SH:  0    Dex: 18    Spells: 1 memorised, 6 levels left

rFire  . . .     SeeInvis +       - Unarmed
rCold  . . .     Gourm    .     b - +0 robe
rNeg   . . .     Faith    .     (no shield)
rPois  +         Spirit   .     (no helmet)
rElec  .         Dismiss  .     (no cloak)
rCorr  .         Reflect  .     (no gloves)
SustAt .         Harm     .     (no barding)
MR     .....     NoTele   +     (no amulet)
Stlth  ++........               D - +6 ring of intelligence
                                B - +6 ring of dexterity

@: appendage, very slow, not resistant to hostile enchantments, unstealthy
A: horns 2, see invisible, deformed body, poison resistance, slowness 2, slow
metabolism 1, spit poison 2, AC +0
a: Spit Poison, End Transformation, Bend Time, Renounce Religion


You were in the Dungeon.
You worshipped Cheibriados.
Cheibriados was noncommittal.
You were not hungry.
You had grown temporary horns.
You visited 1 branch

Inventory:

Missiles
 a - 12 arrows
Armour
 b - a +0 robe (worn)
Jewellery
 B - a +6 ring of dexterity (left hand)
 C - a +6 ring of dexterity
 D - a +6 ring of intelligence (right hand)
 E - a +6 ring of intelligence
 F - a +6 ring of strength
 G - a +6 ring of strength
Wands
 g - a wand of disintegration (7/24)
 i - a wand of iceblast (5/15)
 y - a wand of lightning (5/15)
 A - a wand of acid (5/15)
Scrolls
 j - 4 scrolls of blinking
 q - 4 scrolls of amnesia
 r - 3 scrolls of recharging
 s - 7 scrolls of fog
 t - a scroll of holy word
 u - 5 scrolls of identify
 v - 5 scrolls of remove curse
 w - 2 scrolls of fear
Potions
 e - 10 potions of curing
 f - 9 potions of heal wounds
 h - 7 potions of magic
 k - 2 potions of brilliance
 l - 2 potions of invisibility
 m - 4 potions of resistance
 o - 5 potions of agility
 p - 5 potions of might
Books
 c - a book of Changes

   Spells                             Type                      Level
   a - Beastly Appendage              Transmutation                1
   b - Sticks to Snakes               Transmutation                2
   c - Spider Form                    Transmutation/Poison         3
   d - Ice Form                       Ice/Transmutation            4
   e - Blade Hands                    Transmutation                5
Comestibles
 d - 5 bread rations
 x - 42 fruits
 z - 4 meat rations


   Skills:
 + Level 2.2 Fighting
 + Level 1.5 Armour
 * Level 3.0 Dodging
 * Level 4.4 Unarmed Combat
 * Level 3.4 Spellcasting
 + Level 3.1 Transmutations
 + Level 2.3 Invocations


You had 6 spell levels left.
You knew the following spells:

 Your Spells              Type           Power        Failure   Level  Hunger
a - Beastly Appendage     Trmt           ###...       3%          1    None


Dungeon Overview and Level Annotations

Branches:
Dungeon (1/1)

Altars:
Ashenzari
Cheibriados
Dithmenos
Elyvilon
Fedhas
Gozag
Kikubaaqudgha
Makhleb
Nemelex Xobeh
Okawaru
Pakellas
Qazlal
Ru
Sif Muna
Trog
Vehumet
Xom
Yredelemnul
Zin
The Shining One
Beogh
Jiyva
Lugonu


Innate Abilities, Weirdness & Mutations

You cannot wear boots.
Your serpentine skin is tough (AC +0).
You have supernaturally acute eyesight.
Armour fits poorly on your strangely shaped body.
Your system is resistant to poisons.
You cover ground very slowly.
You have a slow metabolism.
You can spit poison.
You have a pair of horns on your head.


Message History

Confirm with . or Enter, or press ? or * to list all spells.
You grow a pair of large bovine horns.
The black bear bites you.
The black bear claws you. x2; The black bear closely misses you.
The black bear claws you.
* * * LOW HITPOINT WARNING * * *
The black bear barely misses you.
Drink which item? (? for menu, Esc to quit)
You feel much better. The black bear barely misses you.
The black bear claws you. x2; The black bear bites you.
The black bear claws you.
The black bear claws you but does no damage.
You hit the black bear but do no damage.
You headbutt the black bear!
The black bear is heavily wounded.
The black bear closely misses you. The black bear claws you. x2
* * * LOW HITPOINT WARNING * * *
The black bear bites you.
* * * LOW HITPOINT WARNING * * *
The black bear claws you.
You die...

▓▓▓▓▓▓▓
▓.8©8.▓
▓.....▓
▓.h.h.▓
▓..@..▓
▓.....▓
▓.....▓
▓▓▓▓▓▓▓


You could see 2 black bears.

Vanquished Creatures (others)
  A death ooze (D)
  Pikel (D)
2 creatures vanquished.

Notes
Turn   | Place    | Note
--------------------------------------------------------------
     0 | D        | Kidiri the Naga Transmuter began the quest for the Orb.
     0 | D        | Reached XP level 1. HP: 18/18 MP: 3/3
     0 | D        | Found a viscous altar of Jiyva.
     0 | D        | Found a roughly hewn altar of Beogh.
     0 | D        | Found a corrupted altar of Lugonu.
     0 | D        | Found a white marble altar of Elyvilon.
     0 | D        | Found a sparkling altar of Nemelex Xobeh.
     5 | D        | Killed a death ooze
     7 | D        | Became a worshipper of Cheibriados the Contemplative
    16 | D        | Found a burning altar of Makhleb.
    16 | D        | Found an iron altar of Okawaru.
    16 | D        | Found a deep blue altar of Sif Muna.
    16 | D        | Found a radiant altar of Vehumet.
    16 | D        | Found a bloodstained altar of Trog.
    16 | D        | Found a shimmering altar of Xom.
    69 | D        | Reached skill level 1 in Armour
    69 | D        | Reached skill level 4 in Unarmed Combat
    69 | D        | Reached XP level 2. HP: 26/26 MP: 4/6
    82 | D        | Killed Pikel
    91 | D        | Entered arena 1.
    91 | D        | Noticed a black bear
    91 | D        | Noticed a black bear
    97 | D        | Slain by a black bear

Vault maps used:
D:        sprint_v

Skill      XL: |  1 |
---------------+----+-----
Fighting       | 2 |  2.2
Armour         | 1 |  1.5
Dodging        | 3 |  3.0
Unarmed Combat | 4 |  4.4
Spellcasting   | 3 |  3.4
Transmutations | 3 |  3.1
Invocations    | 2 |  2.3

Action                   || total
-------------------------++-------
Melee: Unarmed           ||     2
       Headbutt          ||     1
 Cast: Beastly Appendage ||     1
  Use: Potion            ||     2
 Stab: Sleeping          ||     1
Armor: Robe              ||     1
Dodge: Dodged            ||     4
